Map: Dusk Towers

Players

MechTastic

  • Race: Terran Terran
  • League: Diamond

LilDicky - Winner!

  • Race: Terran Terran
  • League: Diamond

VOD

http://www.twitch.tv/tumescentpie

Description

Time

  • Played on: Jan. 1, 2016, 3:48 p.m.
  • Length: 5:28
Show
View Real Time Build Order
Export as new Build Order

MechTastic Terran 

Build Orders:  

Get SALT Encoding   

  12  0:02  SCV  
  14  0:14  SCV  
  14  0:17  Supply Depot  
  14  0:26  SCV  
  15  0:39  SCV  
  15  0:42  Barracks  
  16  0:44  Refinery  
  16  0:52  SCV  
  17  1:04  SCV  
  18  1:17  SCV  
  19  1:32  Orbital Command  
  20  1:33  Marine  
  20  1:58  Marine  
  20  2:00  SCV  
  22  2:03  Supply Depot  
  22  2:04  Command Center  
  21  2:13  SCV  
  22  2:17  Marine  
  23  2:26  SCV  
  24  2:34  Factory, Refinery, Marine  
  25  2:40  SCV  
  26  2:53  Barracks Reactor  
  26  2:56  SCV  
  26  2:57  Barracks  
  27  3:00  Barracks  
  27  3:09  SCV  
  28  3:16  Orbital Command  
  28  3:19  Factory Reactor  
  28  3:20  Starport  
  28  3:21  SCV  
  29  3:34  Marine x2  
  29  3:35  SCV  
  29  3:40  Engineering Bay  
  32  3:42  SCV  
  32  3:47  SCV  
  34  3:49  Barracks Tech Lab  
  34  3:50  Barracks Reactor  
  34  3:55  SCV  
  35  3:59  SCV  
  36  4:05  Factory Tech Lab  
  36  4:06  Refinery  
  36  4:07  SCV, Medivac  
  41  4:13  Marine  
  41  4:15  SCV  
  41  4:24  Siege Tank  
  41  4:28  SCV x2  
  46  4:39  Supply Depot  
  46  4:40  Supply Depot  
  46  5:00  Marine  
  46  5:01  SCV x2  
Show
View Real Time Build Order
Export as new Build Order

LilDicky Terran - Winner!

Build Orders: Liberator Opening 

Get SALT Encoding   

  12  0:01  SCV  
  13  0:13  SCV  
  14  0:17  Supply Depot  
  14  0:25  SCV  
  15  0:39  SCV  
  15  0:42  Barracks  
  16  0:47  Refinery  
  16  0:52  Refinery  
  16  0:54  SCV  
  17  1:06  SCV  
  18  1:18  SCV  
  19  1:31  SCV  
  19  1:32  Supply Depot, Marine  
  21  1:43  Orbital Command  
  21  1:50  Marine  
  22  1:59  Factory  
  22  2:09  SCV  
  22  2:11  Marine  
  24  2:22  SCV  
  25  2:26  Supply Depot  
  25  2:29  Marine  
  26  2:34  SCV  
  27  2:44  Factory Tech Lab  
  27  2:45  Starport  
  27  2:47  Marine  
  28  2:52  SCV  
  28  2:54  Supply Depot  
  29  3:03  Siege Tank  
  29  3:04  SCV  
  33  3:05  Liberator  
  33  3:16  SCV  
  33  3:17  Supply Depot  
  33  3:18  Marine  
  38  3:27  Supply Depot  
  38  3:32  Engineering Bay  
  38  3:36  SCV  
  38  3:39  Siege Tank  
  42  3:48  SCV  
  43  4:01  Missile Turret  
  43  4:02  SCV, Marine  
  45  4:11  Siege Tank  
  45  4:12  Liberator  
  45  4:14  SCV  
  49  4:19  Supply Depot  
  49  4:20  Marine  
  50  4:26  SCV  
  50  4:27  Supply Depot  
  54  4:38  SCV  
  55  5:05  Missile Turret x2  
Tags
 
Add a new tag
Caveats
  • Supply blocks, unpowered buildings, or Contaminate may cause inaccurate times.
  • Supply counts are checked every 10 seconds.